 Dungeon Crawl Stone Soup version 0.24-a0-471-g3302cd442e (webtiles) character file.

Game seed: 576947748745583703

1057 deorigin the Chiller (level 8, -4/52 HPs)
             Began as a Merfolk Ice Elementalist on July 4, 2019.
             Slain by an ice beast (11 damage)
             ... on level 5 of the Dungeon.
             The game lasted 00:30:26 (8290 turns).

deorigin the Chiller (Merfolk Ice Elementalist)     Turns: 8290, Time: 00:30:27

Health: -4/52      AC:  3    Str: 10    XL:     8   Next: 27%
Magic:  7/15       EV: 12    Int: 14    God:
Gold:   265        SH:  0    Dex: 15    Spells: 5/16 levels left

rFire    . . .     SeeInvis .   A - +0 halberd
rCold    . . .     Gourm    .   (shield currently unavailable)
rNeg     . . .     Faith    .   z - +0 leather armour
rPois    .         Spirit   .   (no helmet)
rElec    .         Reflect  .   (no cloak)
rCorr    .         Harm     .   (no gloves)
MR       .....                  (no boots)
Stlth    ++........             (no amulet)
HPRegen  0.17/turn              (no ring)
MPRegen  0.14/turn              (no ring)

@: no status effects
A: change form in water, swift swim, stealthy swim
a: no special abilities


You were on level 5 of the Dungeon.
You were not hungry.

You visited 1 branch of the dungeon, and saw 5 of its levels.

You collected 265 gold pieces.

Inventory:

Hand Weapons
 e - a +0 short sword
 g - a cursed -1 hand axe
 h - a +0 dagger
 j - a +0 spear
 t - a +0 dagger of venom
 A - a +0 halberd (weapon)
Missiles
 d - 70 arrows
 f - 88 stones (quivered)
 k - 29 bolts
 y - 4 boomerangs
Armour
 a - a +0 robe
 q - a +0 ring mail
 z - a +0 leather armour (worn)
Scrolls
 b - 2 scrolls of identify
 l - 3 scrolls of remove curse {unknown}
 m - 4 scrolls of teleportation
 o - a scroll of fear {unknown}
 u - a scroll of enchant weapon {unknown}
 B - a scroll of enchant armour {unknown}
Potions
 i - 4 potions of brilliance
 n - a potion of ambrosia
 p - a potion of haste
 r - a potion of mutation
 s - a potion of heal wounds
 v - a potion of flight {unknown}
 x - a potion of might
Comestibles
 c - 4 rations


   Skills:
 - Level 2.2 Polearms
 - Level 2.6 Dodging
 - Level 2.1 Stealth
 - Level 4.7 Spellcasting
 - Level 0.7 Conjurations
 - Level 5.6 Summonings
 + Level 6.6 Ice Magic


You had 5 spell levels left.
You knew the following spells:

 Your Spells              Type           Power        Failure   Level  Hunger
a - Freeze                Ice            ###.         1%          1    None
b - Throw Frost           Conj/Ice       ##....       9%          2    ##.....
c - Summon Ice Beast      Ice/Summ       ###.....     19%         4    ####...
d - Throw Icicle          Conj/Ice       ##......     47%         4    ####...

Your spell library contained the following spells:

 Spells                   Type           Power        Failure   Level  Hunger
 Ozocubu's Armour         Chrm/Ice       ##......     19%         3    ###....


Dungeon Overview and Level Annotations

Branches:
Dungeon (5/15)
 Temple: D:4-7

Altars:
Elyvilon


Message History

Your ice beast barely misses the ice beast.
Your ice beast closely misses the ice beast.
The ice beast closely misses your ice beast.
Your ice beast hits the ice beast but does no damage.
Your ice beast hits the ice beast.
Your ice beast freezes the ice beast.
The ice beast completely resists.
The ice beast barely misses your ice beast.
Your ice beast closely misses the ice beast.
Your ice beast hits the ice beast but does no damage.
Evoke which item? (* to show all) (? for menu, Esc to quit)
Attack whom?
Press: ? - help, Dir - move target cursor, f/p - ice beast
Aim: an ice beast (severely wounded)
You reach to attack!
You barely miss the ice beast.
The ice beast is severely wounded.
Your ice beast completely misses the ice beast.
You swap places.
The ice beast hits you.
* * * LOW HITPOINT WARNING * * *
The ice beast freezes you!
You die...

# #........#..
#.###..........
#.....?.....## .
###........## ..
##........##.#
#...........#
#.....รท..#..###
#.#...<.## ...
#..##..Y@.##.#
#.#
#..Y#....###..
#.
###Y##.......#
#. #......#####
######.# .# ..
.. #.#


You could see an ice beast and 2 friendly ice beasts.

Vanquished Creatures
  Sigmund (D:3)
  Duvessa (D:4)
  Dowan (D:4)
  A bullfrog zombie (D:5)
  2 orc priests (D:3)
  3 orc wizards
  An iguana (D:4)
  5 worker ants
  Natasha (thrice) (D:2)
  7 adders
  4 gnolls (D:4)
  2 oozes
  A worm (D:2)
  3 dart slugs
  2 leopard geckos
  12 orcs
  3 giant cockroaches
  9 goblins
  6 hobgoblins
  4 jackals (D:4)
  A quokka (D:2)
  9 bats
  8 frilled lizards
  8 kobolds
  8 rats
105 creatures vanquished.

Vanquished Creatures (collateral kills)
  A sky beast (D:5)
  A phantom (D:3)
  A bullfrog (D:5)
  A crimson imp (D:5)
  An orc wizard (D:4)
5 creatures vanquished.

Vanquished Creatures (others)
  A bat (D:2)
  A quokka (D:2)
2 creatures vanquished.

Grand Total: 112 creatures vanquished

Notes
Turn   | Place    | Note
-------+----------+-------------------------------------------
     0 | D:1      | deorigin the Merfolk Ice Elementalist began the quest for
                  | the Orb.
     0 | D:1      | Reached XP level 1. HP: 13/13 MP: 3/3
   604 | D:1      | Reached XP level 2. HP: 19/19 MP: 3/5
   611 | D:1      | Learned a level 2 spell: Throw Frost
  1296 | D:1      | Reached skill level 1 in Polearms
  1384 | D:1      | Reached XP level 3. HP: 20/24 MP: 2/7
  2287 | D:2      | Reached XP level 4. HP: 28/30 MP: 6/8
  2461 | D:2      | Learned a level 4 spell: Summon Ice Beast
  2525 | D:2      | Reached skill level 4 in Ice Magic
  2692 | D:2      | Noticed Natasha
  2698 | D:2      | Killed Natasha
  2698 | D:2      | Reached skill level 1 in Summonings
  2774 | D:2      | Found a white marble altar of Elyvilon.
  2957 | D:2      | Noticed Natasha
  2964 | D:2      | Killed Natasha
  2964 | D:2      | Reached XP level 5. HP: 27/35 MP: 4/9
  3238 | D:2      | Found a white marble altar of Elyvilon.
  3781 | D:2      | Noticed Natasha
  3787 | D:2      | Killed Natasha
  4208 | D:3      | Reached skill level 5 in Ice Magic
  4354 | D:3      | Reached XP level 6. HP: 41/41 MP: 7/10
  4967 | D:3      | Noticed Sigmund
  4978 | D:3      | Killed Sigmund
  4978 | D:3      | Reached XP level 7. HP: 29/46 MP: 4/11
  5553 | D:4      | Learned a level 4 spell: Throw Icicle
  6151 | D:4      | Reached skill level 6 in Ice Magic
  6404 | D:4      | Reached skill level 5 in Summonings
  6651 | D:4      | Noticed Dowan
  6655 | D:4      | Noticed Duvessa
  7403 | D:4      | Killed Duvessa
  7403 | D:4      | Reached XP level 8. HP: 49/52 MP: 0/13
  7410 | D:4      | Killed Dowan
  7595 | D:5      | Entered Level 5 of the Dungeon
  8290 | D:5      | Slain by an ice beast

Levels and vault maps discovered:
D:1:      minmay_arrival_four_loops, layout_basic, columned_hall_lemuel
D:2:      layout_loops_corners, elyvilon_altar_4, uniq_natasha
D:3:      layout_basic, minivault_25, uniq_sigmund
D:4:      layout_loops_ring, first_ration, hangedman_decor_growths,
          minmay_misc_feat_square, uniq_duvessa
D:5:      layout_rooms, minmay_temple_entry_slanted

Skill      XL: |  1  2  3  4  5  6  7  8 |
---------------+-------------------------+-----
Polearms       | 1 2 |  2.2
Spellcasting   | 3 4 |  4.7
Ice Magic      | 4 5 6 |  6.6
Summonings     | 1 2 4 5 |  5.6
Dodging        | |  2.6
Stealth        | |  2.1
Conjurations   | |  0.7

Action                   |  1- 3 |  4- 6 |  7- 9 || total
-------------------------+-------+-------+-------++-------
Melee: Short sword       |     1 |       |       ||     1
       Spear             |    23 |    53 |    17 ||    93
       Halberd           |       |       |    37 ||    37
Throw: Stone             |    37 |    14 |     4 ||    55
 Cast: Freeze            |    51 |    76 |    76 ||   203
       Summon Ice Beast  |       |       |    12 ||    12
  Use: Scroll            |       |       |     6 ||     6
 Stab: Sleeping          |     3 |     2 |     2 ||     7
  Eat: Chunk             |     5 |     8 |     5 ||    18
       Ration            |       |       |     3 ||     3
Armor: Robe              |     4 |       |       ||     4
       Ring mail         |       |    31 |     4 ||    35
       Leather armour    |       |       |    23 ||    23
Dodge: Dodged            |    25 |    49 |    83 ||   157

Table legend:
 A = Non-vault XP
 B = Vault XP
 C = Vault XP percentage of total XP
 D = Non-vault monster count
 E = Vault monster count
 F = Vault count percentage of total count
                 A         B        C        D         E       F
            +---------+---------+-------+---------+---------+-------
      Total |    1098 |     413 |  27.3 |     106 |       4 |   3.6
            +---------+---------+-------+---------+---------+-------
        D:1 |      44 |       0 |   0.0 |      25 |       0 |   0.0
        D:2 |     138 |      35 |  20.2 |      20 |       1 |   4.8
        D:3 |     372 |     208 |  35.9 |      30 |       1 |   3.2
        D:4 |     330 |     170 |  34.0 |      26 |       2 |   7.1
        D:5 |     214 |       0 |   0.0 |       5 |       0 |   0.0
            +---------+---------+-------+---------+---------+-------
